 Dungeon Crawl Stone Soup version 0.28.0-53-g5a82cb258f (webtiles) character file.

Game seed: 2344460706601016930

747 Cape the Chopper (level 7, 0/61 HPs)
             Began as a Minotaur Berserker on Aug 9, 2022.
             Was a Priest of Trog.
             Killed from afar by Dowan (8 damage)
             ... with a stone arrow
             ... on level 4 of the Dungeon.
             The game lasted 00:14:20 (5060 turns).

Cape the Chopper (Minotaur Berserker)               Turns: 5060, Time: 00:14:22

Health: 0/61       AC: 10    Str: 24    XL:     7   Next: 48%
Magic:  6/6        EV:  9    Int:  4    God:    Trog [***...]
Gold:   89         SH:  0    Dex:  9    Spells: 6/6 levels left

rFire   . . .      SeeInvis +   q - +2 hand axe (venom)
rCold   . . .      Faith    .   (no shield)
rNeg    . . .      Spirit   .   p - +0 chain mail
rPois   .          Reflect  .   (helmet restricted)
rElec   .          Harm     .   (no cloak)
rCorr   .          Rampage  .   (no gloves)
Will    +....                   (no boots)
Stlth   ..........              (no amulet)
HPRegen 0.20/turn               c - ring of willpower
MPRegen 0.10/turn               e - ring of see invisible

@: on berserk cooldown, slowed, very slow
A: horns 2, retaliatory headbutt
a: Renounce Religion, Berserk, Trog's Hand


You were on level 4 of the Dungeon.
You worshipped Trog.
Trog was most pleased with you.
You visited 1 branch of the dungeon, and saw 4 of its levels.

You collected 89 gold pieces.

Inventory:

Hand Weapons
 q - a +2 hand axe of venom (weapon)
Armour
 p - a +0 chain mail (worn)
Jewellery
 c - a ring of willpower (left hand)
 e - a ring of see invisible (right hand)
 n - a ring of fire
Scrolls
 b - a scroll of identify
 d - a scroll of silence {unknown}
 f - a scroll of enchant weapon
 k - a scroll of enchant armour {unknown}
Potions
 a - a potion of magic {unknown}
 g - a potion of mutation
 h - a potion of curing {unknown}
 j - 2 potions of ambrosia {unknown}
 l - a potion of cancellation {unknown}
 o - a potion of attraction {unknown}


   Skills:
 + Level 5.4 Fighting
 * Level 6.8 Axes
 * Level 6.2 Armour
 + Level 4.2 Dodging


You had 6 spell levels left.
You didn't know any spells.
Your spell library was empty.

Dungeon Overview and Level Annotations

Branches:
Dungeon (4/15)
 Temple: D:4-7

Altars:
Cheibriados
Nemelex Xobeh
Uskayaw

Annotations:
D:4 2 runed translucent doors, Dowan; dvd2's ghost, amateur MfIE


Innate Abilities, Weirdness & Mutations

You have a pair of horns on your head.
You reflexively headbutt those who attack you in melee.


Message History

Dowan blinks!
No target in view!
You feel a strong urge to attack something.
Dowan gestures at you while chanting. The shard of ice hits you!
You are too injured to fight recklessly!
You are too injured to fight recklessly!
You are too injured to fight recklessly!
You feel your anger nearly subside.
You are no longer berserk.
You are exhausted.
You feel yourself slow down. Dowan hits you but does no damage.
You closely miss Dowan.
Dowan is moderately wounded.
Dowan barely misses you.
Dowan gestures wildly while chanting.
Dowan blinks!
Found an escape hatch in the floor.
Dowan hits you with a +0 dagger.
You barely miss Dowan.
Dowan is moderately wounded.
Dowan barely misses you. Dowan completely misses you.
You barely miss Dowan.
Dowan is moderately wounded.
Dowan hits you but does no damage. Dowan casts a spell at you.
The stone arrow hits you!
* * * LOW HITPOINT WARNING * * *
You hit Dowan.
Dowan is poisoned.
Dowan is moderately wounded.
Dowan hits you with a +0 dagger.
* * * LOW HITPOINT WARNING * * *
Dowan says, "Magic will overcome all!"
Dowan barely misses you.
You barely miss Dowan. Your headbutt misses Dowan.
Dowan is moderately wounded.
Dowan gestures at you while chanting. The stone arrow hits you!
* * * LOW HITPOINT WARNING * * *
Dowan casts a spell at you. The stone arrow hits you!
You die...

##.'..8⌠8. . #......
###).#.!.... ..###.....
###..#############..###...
####.e###........... #..###.
#...###.#.#..#....... #...#
#.### #...##............###.#
#.#####....#.......>.........
#..........................#.
########..#.@e.?........##.##
##.#..........#. ..
##.......... # ###
##........# ##........
...#..... ......... ......##.
# #...## #


You could see Dowan (fast, very poisoned).

Vanquished Creatures
  A steam dragon (D:4)
  Duvessa (D:4)
  A phantom (D:3)
  Blork the orc (D:4)
  A hound (D:3)
  Crazy Yiuf (D:3)
  2 orc priests (D:3)
  Jessica (D:2)
  Terence (D:3)
  An orc wizard (D:3)
  2 hound skeletons (D:4)
  4 gnolls
  A worm (D:2)
  3 dart slugs
  16 orcs
  4 endoplasms
  4 giant cockroaches
  4 goblins
  10 hobgoblins
  7 jackals
  2 quokkas
  5 ball pythons
  3 bats
  10 frilled lizards
  10 kobolds
  7 rats
103 creatures vanquished.

Vanquished Creatures (others)
  8 fungi (D:3)
  4 plants (D:3)
12 creatures vanquished.

Grand Total: 115 creatures vanquished

Notes
Turn   | Place    | Note
-------+----------+-------------------------------------------
     0 | D:1      | Cape the Minotaur Berserker began the quest for the Orb.
     0 | D:1      | Reached XP level 1. HP: 19/19 MP: 0/0
   186 | D:1      | Found a faded altar of an unknown god.
   329 | D:1      | Reached XP level 2. HP: 27/27 MP: 1/1
  1221 | D:2      | Reached XP level 3. HP: 13/33 MP: 2/2
  1630 | D:2      | Reached ** piety under Trog
  1862 | D:2      | Noticed Jessica
  1869 | D:2      | Killed Jessica
  1870 | D:2      | Reached XP level 4. HP: 26/40 MP: 3/3
  1991 | D:2      | Found a hide-covered altar of Uskayaw.
  2306 | D:3      | Noticed Terence
  2319 | D:3      | Killed Terence
  2789 | D:3      | Reached skill level 5 in Axes
  2789 | D:3      | Reached XP level 5. HP: 18/47 MP: 4/4
  3671 | D:3      | Found a sparkling altar of Nemelex Xobeh.
  3714 | D:3      | Reached XP level 6. HP: 53/53 MP: 5/5
  3777 | D:3      | Found a runed translucent door.
  3778 | D:3      | Noticed Crazy Yiuf
  3841 | D:3      | Reached *** piety under Trog
  4137 | D:3      | Reached skill level 5 in Armour
  4243 | D:3      | Found a snail-covered altar of Cheibriados.
  4603 | D:3      | Killed Crazy Yiuf
  4674 | D:4      | Noticed a steam dragon
  4686 | D:4      | Killed a steam dragon
  4687 | D:4      | Reached skill level 5 in Fighting
  4687 | D:4      | Reached XP level 7. HP: 48/61 MP: 6/6
  4805 | D:4      | Found a runed translucent gate.
  4806 | D:4      | Noticed Blork the orc
  4816 | D:4      | Killed Blork the orc
  4821 | D:4      | Found a runed translucent gate.
  4823 | D:4      | Noticed dvd2's ghost (amateur MfIE)
  5018 | D:4      | Noticed Duvessa
  5018 | D:4      | Noticed Dowan
  5027 | D:4      | Killed Duvessa
  5060 | D:4      | Killed from afar by Dowan

Illustrated notes

Levels and vault maps discovered:
D:1:      psy_arrival_dodecagon, layout_loops_ring,
          chequers_ecumenical_altar_simple_redux
D:2:      layout_basic, basic_altar, uniq_jessica
D:3:      layout_rooms, mainiacjoe_overflow_alcove_4,
          lemuel_coloured_pillars_altar, minmay_splitting_lines,
          minmay_lizard_king, uniq_terence, uniq_crazy_yiuf_cottage
D:4:      layout_cave_pools, makhleb_altar_promises_db,
          nicolae_vehumet_altar_sigil, gammafunk_ghost_nasty_kobolds,
          chequers_hall_statues_y, grunt_decor_clamped, uniq_blork_the_orc,
          uniq_duvessa

Skill      XL: |  1  2  3  4  5  6  7 |
---------------+----------------------+-----
Armour         | 3 4 5 6 |  6.2
Axes           | 4 5 6 |  6.8
Fighting       | 4 5 |  5.4
Dodging        | 3 4 |  4.2

Action                   |  1- 3 |  4- 6 |  7- 9 || total
-------------------------+-------+-------+-------++-------
Melee: Hand axe          |    95 |   127 |    26 ||   248
       Headbutt          |     7 |    23 |     6 ||    36
Throw: Stone             |       |     2 |       ||     2
       Boomerang         |       |     2 |       ||     2
Invok: Berserk           |     1 |     3 |     1 ||     5
  Use: Scroll            |       |     4 |       ||     4
       Potion            |       |     1 |     2 ||     3
Armor: Animal skin       |    12 |     4 |       ||    16
       Chain mail        |       |    43 |    13 ||    56
Dodge: Dodged            |    54 |    53 |    12 ||   119
